 Dungeon Crawl Stone Soup version 0.26.1-11-gd32895ea62 (webtiles) character file.

Game seed: 4420298869760558750

102 Brandom the Insei (level 4, -1/43 HPs)
             Began as an Octopode Transmuter on July 1, 2021.
             Was an Initiate of Nemelex Xobeh.
             Slain by a gnoll
             ... wielding a +0 spear
              (3 damage)
             ... on level 2 of the Dungeon.
             The game lasted 00:03:42 (2102 turns).

Brandom the Insei (Octopode Transmuter)             Turns: 2102, Time: 00:03:43

Health: -1/43      AC: 22    Str:  9    XL:     4   Next: 78%
Magic:  7/7        EV:  2    Int: 16    God:    Nemelex Xobeh [......]
Gold:   51         SH:  0    Dex: 12    Spells: 6/7 levels left

rFire    . . .     SeeInvis .     - Unarmed
rCold    . . .     Faith    .   (no shield)
rNeg     + + +     Spirit   .   (helmet currently unavailable)
rPois    +         Reflect  .   (no amulet)
rElec    .         Harm     .   (no ring)
rCorr    .         Rampage  .   (no ring)
Will     .....     NoTele   +   (no ring)
Stlth    +.........             (no ring)
HPRegen  0.14/turn              (no ring)
MPRegen  0.10/turn              (no ring)
                                (no ring)
                                (no ring)

@: lethally poisoned (-1 -> -2), tree-form
A: almost no armour, stealthy swim, (amphibious), 8 rings, (constrict 8)
a: Renounce Religion, Draw Escape, Draw Destruction, Draw Summoning


You were on level 2 of the Dungeon.
You worshipped Nemelex Xobeh.
Nemelex Xobeh was noncommittal.
You were a tree.
You visited 1 branch of the dungeon, and saw 2 of its levels.

You collected 51 gold pieces.

Inventory:

Scrolls
 a - a scroll of blinking
 c - a scroll of identify
 d - a scroll of teleportation


   Skills:
 * Level 2.0 Fighting
 + Level 2.3 Dodging
 - Level 0.6 Stealth
 + Level 4.1 Unarmed Combat
 + Level 2.3 Spellcasting
 + Level 2.2 Transmutations
 + Level 0.7 Invocations


You had 6 spell levels left.
You knew the following spells:

 Your Spells              Type           Power        Failure   Level
a - Beastly Appendage     Tmut           18%          8%          1

Your spell library contained the following spells:

 Spells                   Type           Power        Failure   Level
 Wereblood                Tmut           9%           12%         2
 Spider Form              Tmut/Pois      2%           36%         3
 Ice Form                 Ice/Tmut       5%           77%         4
 Blade Hands              Tmut           4%           91%         5


Dungeon Overview and Level Annotations

Branches:
Dungeon (2/15)

Altars:
Nemelex Xobeh


Innate Abilities, Weirdness & Mutations

You cannot wear most types of armour.
You are very stealthy in the water. (Stealth+)
((You are amphibious.))
You can wear up to eight rings at the same time.
((You can use your tentacles to constrict eight enemies at once.))
((Your skin changes colour to match your surroundings (Stealth+).))
((Your rubbery body absorbs attacks. (AC +1, EV +1)))


Message History

As you read the scroll labelled HIRACOTYSEU, it crumbles to dust.
You feel a strange sense of stasis.
It was a scroll of teleportation.
* * * LOW HITPOINT WARNING * * *
You feel sick. The gnoll hits you but does no damage.
Unknown command.
As you read the scroll labelled NITHRISIAXT, it crumbles to dust.
It is a scroll of identify.
a - a scroll of blinking The gnoll hits you but does no damage.
You cannot blink because you are held in place by your roots.
Unknown command.
The gnoll hits you but does no damage. The gnoll hits you but does no damage.
* * * LOW HITPOINT WARNING * * *
You feel sick. The gnoll hits you but does no damage.
The gnoll hits you but does no damage.
Unknown command.
The gnoll hits you from afar with a +0 spear.
You die...
Your body disappears without a glow.

#............# #...)†.
#...!# ####### ###....
#....# ###.....###
##..)
###(.###P....P..P##
#.## #.†##...........#
#.#
#..##.P#######P.###.##
#..#..P#.....#...#....
##g#####.###.#...#.###
#gg)♣...#P#.#..P#.#
#######.###.#..P###
#.b.#.....#P..#
##..###.###..##
#.P..#.#...P#
##..P#.#.PP##
###.#.#.### #####
###.#######....
#.........###


You could see 2 gnolls and a hobgoblin.

Vanquished Creatures
  Terence (D:2)
  A gnoll (D:2)
  3 adders (D:2)
  An ooze (D:2)
  2 leopard geckos (D:1)
  2 orcs (D:2)
  A ball python (D:1)
  4 goblins
  6 hobgoblins
  3 bats
  4 frilled lizards
  6 kobolds
  5 rats
39 creatures vanquished.

Notes
Turn   | Place    | Note
-------+----------+-------------------------------------------
     0 | D:1      | Brandom the Octopode Transmuter began the quest for the
                  | Orb.
     0 | D:1      | Reached XP level 1. HP: 13/13 MP: 3/3
     3 | D:1      | Noticed a troll
     5 | D:1      | Noticed a minotaur
     6 | D:1      | Noticed a gargoyle
     7 | D:1      | Noticed a naga
     9 | D:1      | Noticed an ogre
    12 | D:1      | Noticed a human
    18 | D:1      | Noticed a spriggan
   511 | D:1      | Reached XP level 2. HP: 18/18 MP: 5/5
  1125 | D:1      | Reached XP level 3. HP: 23/23 MP: 6/6
  1340 | D:2      | Reached skill level 4 in Unarmed Combat
  1349 | D:2      | Found a sparkling altar of Nemelex Xobeh.
  1353 | D:2      | Became a worshipper of Nemelex Xobeh the Trickster
  1391 | D:2      | Noticed Terence
  1703 | D:2      | Killed Terence
  1704 | D:2      | Reached XP level 4. HP: 18/28 MP: 7/7
  2096 | D:2      | HP: 2/43 [poisoned by an adder]
  2102 | D:2      | Slain by a gnoll

Illustrated notes

Levels and vault maps discovered:
D:1:      shiori_arrival_whats_in_store_for_you, layout_basic,
          chequers_serial_rivers_micro_c
D:2:      layout_basic, serial_aquarium, aquarium_bridge_square
          [aquarium_subvault_bridge, aquarium_subvault_wall,
          aquarium_subvault_wall, aquarium_subvault_wall],
          aquarium_bridge_island_small [aquarium_subvault_small_water,
          aquarium_subvault_wall, aquarium_subvault_bridge,
          aquarium_subvault_bridge, aquarium_subvault_window],
          aquarium_window_2, aquarium_window_corner, aquarium_window_fake,
          aquarium_window_fake, aquarium_view_2c, nemelex_dance_club_becter,
          uniq_terence

Skill      XL: |  1  2  3  4 |
---------------+-------------+-----
Unarmed Combat | 4 |  4.1
Fighting       | 2 |  2.0
Dodging        | |  2.3
Stealth        | |  0.6
Spellcasting   | |  2.3
Transmutations | |  2.2
Invocations    | |  0.7

Action                   |  1- 3 |  4- 6 || total
-------------------------+-------+-------++-------
Melee: Unarmed           |    77 |    23 ||   100
       Tentacles         |    12 |     5 ||    17
       Constrict         |    18 |     9 ||    27
       Kick              |     6 |     1 ||     7
       Punch             |     1 |     2 ||     3
 Cast: Beastly Appendage |     2 |     1 ||     3
  Use: Scroll            |       |     2 ||     2
       Potion            |       |     1 ||     1
 Stab: Sleeping          |     7 |       ||     7
Armor: Skin              |     2 |    13 ||    15
Dodge: Dodged            |    36 |    15 ||    51
